Cogmind - Beta 16 @@@ ROGUE MODE // 2026.01.11 @ 10:01:24 Player: zEnenbee Result: Destroyed by G-34 Mercenary with Small Laser Performance ------------- Evolutions (1) 500 Regions Visited (2) 400 Robots Destroyed (10) 50 Value Destroyed (283) 283 Prototype IDs (0) 0 Alien Tech Used (0) 0 Bonus (0) 0 TOTAL SCORE: 1233 Bonus ------- None Cogmind --------- Core Integrity 0/400 Matter 300/300 Energy 99/100 System Corruption 0% Temperature Cool (6) Movement Core (50) Location -9/Materials Parts ------- > --- POWER (1) -------- (None) > --- PROPULSION (2) --- (None) > --- UTILITY (2) ------ (None) > --- WEAPON (4) ------- Hammer > --- INVENTORY (5) ---- (None) Peak State ------------ > --- POWER ------------ (None) > --- PROPULSION ------- Wheel > --- UTILITY ---------- (None) > --- WEAPON ----------- Beam Rifle Light Assault Rifle Heavy Assault Rifle > --- INVENTORY -------- (None) [Rating: 6] Favorites ----------- Power Light Ion Engine Engine Light Ion Engine Propulsion Wheel Wheel Wheel Utility None Weapon Assault Rifle Energy Gun Small Laser Ballistic Gun Assault Rifle Impact Weapon Hammer Build | -11 -10 -9 ------- Run | Yrd Mat Mat Slots Evolved 2 | . . 2 Power . | . . . Propulsion . | . . . Utility . | . . . Weapon 2 | . . 2 Parts Attached 9 | 5 . 4 Power 1 | 1 . . Engine 1 | 1 . . Core . | . . . Reactor . | . . . Propulsion 2 | 2 . . Treads . | . . . Leg . | . . . Wheel 2 | 2 . . Hover . | . . . Flight . | . . . Utility . | . . . Device . | . . . Storage . | . . . Processor . | . . . Hackware . | . . . Protection . | . . . Artifact . | . . . Weapon 6 | 2 . 4 Energy Gun 2 | . . 2 Energy Cannon . | . . . Ballistic Gun 3 | 2 . 1 Ballistic Cannon . | . . . Launcher . | . . . Special Weapon . | . . . Impact Weapon 1 | . . 1 Slashing Weapon . | . . . Piercing Weapon . | . . . Special Melee Weapon . | . . . Unidentified Prototypes . | . . . Parts Lost 8 | . . 8 Power 1 | . . 1 Propulsion 2 | . . 2 Utility . | . . . Weapon 5 | . . 5 Highest Loss Streak 8 | . . 8 To Critical Strikes . | . . . Average Backups . | . . . Power . | . . . Propulsion . | . . . Utility . | . . . Weapon . | . . . Tool/Special . | . . . Unused Backups 1 | . 1 . Power . | . . . Propulsion . | . . . Utility 1 | . 1 . Weapon . | . . . Tool/Special . | . . . Average Slot Usage (%) 55 | . 71 37 Engine 10 | . 14 5 Wheel 21 | . 28 14 Energy Gun 1 | . . 2 Ballistic Gun 21 | . 28 14 Peak Build Rating 6 | 5 5 6 Average Rating 4 | 4 5 3 On Entrance 3 | . 5 5 Avg Prop Armor Cover (%) . | . . . Naked Turns 6 | . . 6 Heaviest Build 6 | 6 6 6 Greatest Support 20 | 20 20 20 Greatest Overweight (x) . | . . . Average Overweight (x) . | . . . Largest Inventory Capacity 5 | 5 5 5 Average Capacity 5 | 5 5 5 Most Carried 2 | 2 1 2 Average Carried . | . . . Final Capacity 5 | 5 5 5 Final Carried . | . . . Class Distribution -------------------- 100% | Mutant Dominant Class ---------------- Mutant | -10/Materials Mutant | -9/Materials Resources | -11 -10 -9 ----------- Run | Yrd Mat Mat Matter Collected 335 | 270 16 49 Remotely . | . . . Salvage Created 471 | 39 49 383 Parts 26 | . 1 25 Haulers Intercepted . | . . . Recyclers Shooed . | . . . Parts Field Recycled . | . . . Retrieved Matter . | . . . Parts Self-Destructed . | . . . Prevented . | . . . Parts Restored . | . . . Kills | -11 -10 -9 ------- Run | Yrd Mat Mat Combat Hostiles Destroyed 8 | 1 1 6 Guns 7 | 1 1 5 Classes Destroyed 6 | 1 . 5 Builder 1 | . . 1 Recycler 1 | . . 1 Swarmer 1 | . . 1 Grunt 4 | 1 1 2 Brawler 1 | . . 1 Sentry 2 | . . 2 Best Kill Streak 8 | 1 1 8 Combat Bots Only 5 | 1 1 5 Max Kills in Single Turn 1 | 1 1 1 Gunslinging . | . . . Exploded . | . . . Melee . | . . . Uniques/NPCs Destroyed . | . . . Combat | -11 -10 -9 -------- Run | Yrd Mat Mat Hostile Shots Fired 103 | 6 5 92 Missed 25 | 2 . 23 Hits 78 | 4 5 69 Melee 4 | . . 4 Projectile 74 | 4 5 65 Critical Strikes 3 | . . 3 Damage Taken 960 | 42 57 861 Core 413 | 10 . 403 Absorbed by Shields . | . . . Core Remaining (%) 96 | 96 96 . Volleys Fired 31 | 5 4 22 Largest 3 | 2 2 3 Hottest 99 | 40 40 99 Shots Fired 54 | 10 8 36 Gun 54 | 10 8 36 Cannon . | . . . Launcher . | . . . Special . | . . . Kinetic 41 | 10 8 23 Thermal 13 | . . 13 Explosive . | . . . Electromagnetic . | . . . Robot Hit Streak 10 | 4 6 10 Robot Miss Streak 3 | 2 1 3 Penetration Max . | . . . Secondary Targets 2 | . . 2 Max Gunslinging Chain 1 | . . 1 Shots Hit Robots 41 | 6 5 30 Core Hits 18 | 2 2 14 Critical Kills . | . . . Critical Parts Destroyed 1 | . . 1 Critical Strikes 1 | . . 1 Smash 1 | . . 1 Melee Attacks 5 | . . 5 Impact 5 | . . 5 Slashing . | . . . Piercing . | . . . Sneak Attacks . | . . . Combat Hostiles . | . . . Follow-up Attacks . | . . . Damage Inflicted 573 | 72 59 442 Guns 489 | 72 59 358 Cannons . | . . . Explosions . | . . . Melee 84 | . . 84 Ramming . | . . . Kinetic 346 | 72 59 215 Thermal 143 | . . 143 Explosive . | . . . Electromagnetic . | . . . Impact 84 | . . 84 Slashing . | . . . Piercing . | . . . Highest Corruption . | . . . Average Corruption . | . . . Corruption Purged . | . . . Corruption Blocked . | . . . Overload Shots . | . . . Overflow Damage 37 | . . 37 Projectiles . | . . . Explosions . | . . . Melee 37 | . . 37 Knockbacks 1 | . . 1 Impact 1 | . . 1 Kinetic . | . . . Secondary . | . . . Self-Inflicted Damage . | . . . Shots . | . . . Rammed . | . . . Targets Rammed . | . . . Kicked . | . . . Crushed . | . . . Highest Temperature 117 | 12 12 117 Average Temperature 36 | 8 7 48 Received Heat Transfer 336 | 24 30 282 Siege Activations . | . . . Martial Activations . | . . . Shielding Activations . | . . . Robots Disrupted . | . . . Combat Hostiles . | . . . Robots Corrupted 1 | . . 1 Combat Hostiles 1 | . . 1 Parts Fried 1 | . . 1 Impact Corruptions 2 | . . 2 Robots Melted . | . . . Combat Hostiles . | . . . Parts Melted . | . . . Heat Transferred 336 | . . 336 Parts Sabotaged . | . . . Parts Stolen . | . . . Parts Stripped . | . . . Power Chain Reactions . | . . . Alert | -11 -10 -9 ------- Run | Yrd Mat Mat Maximum Alert Level . | . . . Low Security (%) 100 | 100 100 100 Level 1 . | . . . Level 2 . | . . . Level 3 . | . . . Level 4 . | . . . Level 5 . | . . . High Security . | . . . Max Security . | . . . Peak Influence 105 | 20 30 105 Initial 8 | . . 8 Average 9 | 3 3 22 Influence Increases 235 | 20 30 185 Destroy 0b10 Robot/C 160 | 20 20 120 Destroy 0b10 Robot/NC 10 | . . 10 Destroy Leader 50 | . 10 40 Lose Combat Pursuer 15 | . . 15 Influence Decreases 140 | 20 10 110 Entered New Map 12 | . . 12 Time Decay 63 | 20 10 33 Lost Part 65 | . . 65 Squads Dispatched 3 | . 2 1 Investigation 1 | . 1 . Extermination . | . . . Reinforcement 2 | . 1 1 Assault . | . . . Garrison . | . . . Intercept . | . . . Searches Triggered . | . . . Construction Impeded . | . . . Haulers Reinforced . | . . . Active Scanning Responses . | . . . Cargo Convoy Interrupts . | . . . Stealth | -11 -10 -9 --------- Run | Yrd Mat Mat Distress Signals 2 | . . 2 Communications Jammed . | . . . Distress Signals . | . . . Times Spotted 14 | 1 2 11 Peak Tracking Total 8 | 1 1 8 Tactical Retreats 1 | . . 1 Traps | -11 -10 -9 ------- Run | Yrd Mat Mat Traps Triggered . | . . . Indirectly . | . . . Trap Hack Attempts . | . . . Triggered . | . . . Disarmed . | . . . Reprogrammed . | . . . Reused . | . . . Traps Extracted . | . . . Installed . | . . . Triggered . | . . . Machines | -11 -10 -9 ---------- Run | Yrd Mat Mat Machines Disabled . | . . . Max in Single Turn . | . . . Machines Repaired . | . . . Machines Dismantled . | . . . Machines Sabotaged . | . . . Overloaded Fab Kills . | . . . Hacking | -11 -10 -9 --------- Run | Yrd Mat Mat Machines Accessed 1 | . 1 . Terminals . | . . . Fabricators . | . . . Repair Stations . | . . . Recycling Units 1 | . 1 . Scanalyzers . | . . . Garrison Access . | . . . Total Hacks 3 | . 3 . Successful 3 | . 3 . Failed . | . . . Catastrophic . | . . . Database Lockouts . | . . . Manual . | . . . Terminals . | . . . Fabricators . | . . . Repair Stations . | . . . Recycling Units 3 | . 3 . Scanalyzers . | . . . Garrison Access . | . . . Terminal Hacks . | . . . Fabricator Hacks . | . . . Repair Station Hacks . | . . . Recycling Unit Hacks 3 | . 3 . Recycle Component 1 | . 1 . Process 2 | . 2 . Scanalyzer . | . . . Garrison Access Hacks . | . . . Unauthorized Hacks . | . . . Terminals . | . . . Fabricators . | . . . Repair Stations . | . . . Recycling Units . | . . . Scanalyzers . | . . . Garrison Access . | . . . Data Cores Recovered . | . . . Used . | . . . Hacking Detections 1 | . 1 . Full Trace Events 1 | . 1 . Feedback Events . | . . . Feedback Blocked . | . . . Robot Schematics Acquired . | . . . Robots Built . | . . . Authchips . | . . . Time . | . . . Total Robot Build Rating . | . . . Part Schematics Acquired . | . . . Parts Built . | . . . Authchips . | . . . Time . | . . . Total Part Build Rating . | . . . Part Studies Acquired . | . . . Parts Repaired . | . . . Time . | . . . Parts Recycled 1 | . 1 . Recycled Matter 124 | . 124 . Retrieved Matter . | . . . Retrieved Components . | . . . Parts Scanalyzed . | . . . Part Schematics Acquired . | . . . Parts Damaged . | . . . Bothacking | -11 -10 -9 ------------ Run | Yrd Mat Mat Used RIF Installer . | . . . Robots Hacked . | . . . Non-combat . | . . . Combat . | . . . Robot Hacks Applied . | . . . Relay Couplers Released . | . . . Fabnet Peak Effective % . | . . . Robots Rewired . | . . . Allies Hacked . | . . . Hacks Repelled . | . . . Allies | -11 -10 -9 -------- Run | Yrd Mat Mat Total Allies . | . . . Largest Group . | . . . Highest-Rated Group . | . . . Highest-Rated Ally . | . . . Total Orders . | . . . Ally Attacks . | . . . Total Damage . | . . . Kills . | . . . Allies Corrupted . | . . . Allies Melted . | . . . Intel | -11 -10 -9 ------- Run | Yrd Mat Mat Active Infowar (turns) . | . . . Robot Analysis Total . | . . . Derelict Logs Recovered . | . . . Drone Launches . | . . . Drone Recoveries . | . . . Exploration | -11 -10 -9 ------------- Run | Yrd Mat Mat Turns Passed 436 | 157 148 131 Spaces Moved 399 | 174 150 75 Core 33 | 20 . 13 Treads . | . . . Legs . | . . . Wheels 366 | 154 150 62 Hover . | . . . Flight . | . . . Fastest Speed 50 | 50 80 50 Average Speed 77 | 76 80 74 Slowest Speed 80 | 80 80 80 Overloaded Moves . | . . . Propulsion Burnouts . | . . . Robots Hopped . | . . . Potential Cave-ins . | . . . Cave-ins Triggered . | . . . Exploration Rate (%) 19 | 10 37 12 Regions Visited 2 Branch Regions . Pre-discovered Areas . | . . . Known Exits Taken . | . . . Unknown Exits Taken 2 | 1 1 . Scrap Searched . | . . . Spaces Dug . | . . . Terrain Destroyed . | . . . Melee . | . . . Projectile . | . . . AOE . | . . . Terrain Rammed . | . . . Walls Destroyed . | . . . Machines Disabled . | . . . Actions | -11 -10 -9 --------- Run | Yrd Mat Mat Total 468 | 188 170 110 Wait 16 | . 16 . Move 397 | 173 149 75 Hop . | . . . Pick Up 10 | 5 1 4 Fast Attach . | . . . Attach 9 | 5 . 4 Detach . | . . . Swap . | . . . Drop . | . . . Fire 31 | 5 4 22 Melee 5 | . . 5 Ram . | . . . Kick . | . . . Crush . | . . . Escape Stasis . | . . . Rewire . | . . . Trap . | . . . Miscellaneous . | . . . Route ------- -11/Scrapyard -10/Materials -9/Materials History --------- Turn | Location | Event 2 | -11/Scrapyard | Met Revision 17 45 | -11/Scrapyard | Discovered new exit (range 8) 158 | -11/Scrapyard | Entered Materials 304 | -10/Materials | Discovered new exit (range 4) 306 | -10/Materials | Entered another Materials area 306 | -9/Materials | Evolved 2 slots: Weapon x2 311 | -9/Materials | Build established: Mutant 403 | -9/Materials | Core integrity fell below 50% 418 | -9/Materials | Core integrity fell below 20% 437 | -9/Materials | Destroyed by G-34 Mercenary with Small Laser Last Messages --------------- melee weapon. Even while active, melee weapons do not fire together with ranged weapons in the same volley. Sml. Laser destroyed. Acquired 15 matter. S-10 Pest suffers critical hit (Smash). Destroyed Lgt. Ion Engine. [Achievement: Overwhelming] Destroyed Flight Unit. S-10 Pest system corrupted by crushing effect. S-10 Pest misfires. S-10 Pest system terminally corrupted. [Achievement: Power Corrupts] Notice for Steam players: Cogmind player global achievement rates displayed by Steam are all underreported, in many cases by a huge margin, due to how they are calculated by Valve. Lgt. Assault Rifle fried. G-34 Mercenary knocked back. Map ----- +----------------------------------------------------+ | | | | | | | | | | | | | | | | | | | | | | | | | | | | | ?????????????????????????????????????????????????? | | ?????????????????????????????????????????????????? | | ?????????????????????????????????????????????????? | | ???????????????????????????????????????###??#????? | | ???????????????????????????????????????# ??? ???? | | ?????????????????#?????????????????????# #???# ??? | | ?????????????????# ???????????????????# #?###+### | | ??????????????????? ???#######????????# #?# | | ??????#+#############+### #????????# #?# | | ????? = =%[[=!!* #????????# ### | | ????? !%[!=%!|!%=% ########## # | | ????? * * =!%=@ g + | | ???????????###+##########= ########## # | | ????????????????????????## ##????????# # | | ?????????????????????????# #?????????# # | | ?????????????????????????# k#?????????# # | | ?????????????????????????# #?????????# ####### | | ?????????????????????????# #?????????# #?????? | | ?????????????????????????# #?????????# #?????? | | ?????????????????????????# #?????????# #?????? | | ?????????????????????????# #?????????# +?????? | | ?????????????????????????# #?????????# #?????? | | ?????????????????????????# #?????????# #?????? | | ?????????????????????????+ #?????????# #?????? | | ?????????????????????????# ????????? #?????? | | ?????????????????????????# ????????? ??????? | | ?????????????????????????? ??????????? ??????? | | ?????????????????????????????????????????????????? | | ?????????????????????????????????????????????????? | | ?????????????????????????????????????????????????? | | ?????????????????????????????????????????????????? | | ?????????????????????????????????????????????????? | | ?????????????????????????????????????????????????? | | ?????????????????????????????????????????????????? | | ?????????????????????????????????????????????????? | | ?????????????????????????????????????????????????? | +----------------------------------------------------+ Best States ------------- Heat Dissipation 28 Energy Generation 10 Energy Capacity 125 Matter Stores 300 Matter Capacity 300 Sight Range 16 Terrain Scan Density 10 Evasion (%) 50 Item Schematics ----------------- None Robot Schematics ------------------ None Fabricated ------------ Nothing Repaired ---------- Nothing Studied --------- None Alien Tech Used ----------------- None Achievements -------------- DATA ERROR: Steam Global Achievement% One Hack Too Far Overwhelming Power Corrupts Challenges ------------ None Game ------ Seed SupercompositeSpliceWheel Manual? 0 Play Time 00:11:51 Cumulative 0.9 hours Start 2026.01.11 @ 09:51:48 End 2026.01.11 @ 10:01:24 Sessions 1 Manual Loads 0 Difficulty Rogue Special Mode None Game No. 2 Rogue 2 Adventurer 0 Explorer 0 Win Type - Total 0 Types 0/0/0/0/0/0/0/0/0/0 Lore% 0 Gallery% 1 Achievement% 3 Wizard Run 0 Options --------- Layout 1 ASCII 0 Keyboard 0 Movement Mouse Keybinds 0 Fullscreen 0 Font 14/Smallcaps Map View 50x35 Zoom Use 0% Tactical HUD 0 Map Filters NONE Filters NONE Steam 1 RUN: a78e10fc-3180-46db-9030-940826a9e5c8